Map: King Sejong Station LE

Players

WarGodAlex

  • Race: Protoss Protoss
  • League: Silver

Nickos - Winner!

  • Race: Terran Terran
  • League: Gold

VOD

Have the link to the VOD?

Description

Time

  • Played on: Sept. 23, 2016, 1:46 a.m.
  • Length: 9:27
Show
View Real Time Build Order
Export as new Build Order

WarGodAlex Protoss 

Build Orders:  

Get SALT Encoding   

  12  0:01  Probe (Chrono Boost)  
  13  0:12  Probe (Chrono Boost)  
  14  0:19  Pylon  
  14  0:22  Probe (Chrono Boost)  
  15  0:37  Probe (Chrono Boost)  
  15  0:39  Pylon  
  16  0:48  Probe (Chrono Boost)  
  17  0:59  Probe (Chrono Boost)  
  17  1:02  Assimilator  
  18  1:07  Gateway  
  18  1:11  Probe (Chrono Boost)  
  19  1:21  Probe (Chrono Boost)  
  20  1:34  Nexus  
  20  1:41  Probe (Chrono Boost)  
  20  1:44  Assimilator  
  21  1:54  Pylon  
  21  1:59  Cybernetics Core, Probe (Chrono Boost)  
  22  2:04  Zealot  
  24  2:18  Probe (Chrono Boost)  
  25  2:29  Warp Gate, Zealot  
  26  2:30  Forge  
  26  2:31  Probe (Chrono Boost)  
  28  2:57  Probe (Chrono Boost)  
  30  2:59  Probe (Chrono Boost)  
  30  3:10  Protoss Ground Weapons Level 1  
  30  3:12  Probe (Chrono Boost)  
  32  3:13  Probe (Chrono Boost)  
  32  3:27  Probe (Chrono Boost)  
  32  3:29  Probe (Chrono Boost)  
  32  3:31  Stargate  
  32  3:33  Stargate  
  34  3:38  Probe (Chrono Boost)  
  34  3:40  Assimilator  
  36  3:41  Probe (Chrono Boost)  
  36  3:44  Zealot  
  38  3:56  Probe (Chrono Boost)  
  38  3:58  Probe (Chrono Boost)  
  38  3:59  Assimilator  
  40  4:09  Pylon  
  40  4:13  Pylon  
  40  4:15  Zealot  
  42  4:22  Probe (Chrono Boost)  
  42  4:23  Probe (Chrono Boost)  
  44  4:30  Oracle  
  44  4:31  Oracle  
  50  4:41  Protoss Air Weapons Level 1  
  50  4:44  Probe (Chrono Boost)  
  52  4:45  Probe (Chrono Boost)  
  52  4:50  Sentry  
  54  5:05  Protoss Ground Armor Level 1  
  54  5:06  Gateway  
  54  5:08  Gateway  
  54  5:10  Probe (Chrono Boost)  
  54  5:11  Probe (Chrono Boost)  
  56  5:22  Phoenix x2  
  60  5:38  Pylon  
  60  5:39  Mothership Core (Chrono Boost)  
  60  5:40  Pylon  
  60  5:42  Probe (Chrono Boost)  
  63  5:54  Probe (Chrono Boost)  
  64  5:58  Pylon  
  64  6:02  Pylon  
  64  6:06  Robotics Facility  
  64  6:10  Probe (Chrono Boost), Twilight Council  
  66  6:11  Probe (Chrono Boost)  
  60  6:28  Phoenix x2  
  64  6:38  Gateway  
  64  6:40  Gateway  
  64  6:42  Gateway  
  64  6:46  Gateway  
  64  6:49  Gateway, Sentry  
  64  6:50  Gateway  
  66  7:00  Gateway  
  66  7:01  Gateway  
  66  7:04  Probe (Chrono Boost)  
  66  7:06  Probe (Chrono Boost)  
  68  7:16  Nexus  
  68  7:17  Pylon  
  68  7:30  Observer  
  69  7:45  Phoenix  
  69  7:46  Phoenix  
  50  8:09  Adept x3  
  50  8:10  Adept x4  
  61  8:31  Adept  
  61  8:32  Adept x5  
  61  8:33  Adept x2  
  61  8:34  Adept  
  48  8:54  Stalker x5  
  48  8:55  Stalker x3  
  23  9:20  Stalker x2  
Show
View Real Time Build Order
Export as new Build Order

Nickos Terran - Winner!

Build Orders: MMM Bio 

Get SALT Encoding   

  12  0:00  SCV  
  13  0:13  SCV  
  14  0:17  Supply Depot  
  14  0:25  SCV  
  15  0:39  SCV  
  15  0:40  Barracks  
  16  0:51  SCV  
  17  1:03  SCV  
  18  1:15  SCV  
  19  1:22  Command Center  
  19  1:28  Orbital Command  
  19  1:32  Marine  
  20  1:42  Barracks  
  20  1:50  Marine  
  21  1:55  SCV  
  22  2:04  Supply Depot  
  22  2:07  SCV  
  23  2:25  SCV, Marine  
  23  2:29  Refinery x2, Barracks, Marine  
  25  2:35  Orbital Command  
  26  2:37  SCV  
  27  2:48  Marine x2  
  29  2:56  SCV  
  30  3:03  SCV  
  31  3:08  SCV  
  31  3:11  Marine x2  
  33  3:15  SCV  
  34  3:20  SCV  
  34  3:25  Barracks Tech Lab  
  35  3:27  SCV  
  35  3:29  Barracks Reactor  
  35  3:30  Barracks Reactor  
  35  3:32  SCV  
  37  3:39  SCV  
  38  3:44  SCV  
  39  3:49  Bunker, Stimpack  
  39  3:51  SCV  
  40  3:56  Barracks, SCV  
  40  3:57  Barracks  
  40  3:59  Factory  
  41  4:04  SCV  
  41  4:06  Marine x3  
  41  4:08  Supply Depot, SCV  
  46  4:29  SCV x2, Marauder, Marine x4  
  46  4:31  Supply Depot  
  54  4:33  Supply Depot  
  54  4:44  Engineering Bay  
  54  4:47  Engineering Bay  
  54  4:51  Barracks Reactor x2  
  54  4:52  SCV, Marine x3  
  57  4:53  Marauder, SCV  
  57  4:54  Supply Depot  
  57  4:55  Marine  
  57  4:56  Factory Reactor  
  62  5:03  Starport  
  62  5:05  SCV x2  
  64  5:15  Marine x3  
  64  5:16  Marine  
  64  5:17  Marauder, SCV x2  
  64  5:21  Supply Depot  
  72  5:22  Terran Infantry Weapons Level 1  
  72  5:28  Refinery  
  72  5:29  Refinery  
  72  5:36  Command Center  
  72  5:38  SCV x2  
  72  5:41  Terran Infantry Armor Level 1  
  74  5:43  Marine  
  75  5:50  Combat Shields  
  75  5:51  Supply Depot  
  75  5:55  Supply Depot, SCV x2  
  75  5:56  Marine  
  78  6:04  Marine x3  
  78  6:05  Marine  
  78  6:07  SCV x2  
  84  6:13  Marine x3  
  84  6:14  Supply Depot, Marine  
  87  6:23  Marine x4  
  87  6:24  Marauder  
  90  6:27  Medivac  
  90  6:32  SCV x2  
  94  6:35  Marine  
  95  6:44  SCV x2  
  95  6:45  Armory  
  95  6:47  Marine  
  97  6:49  Marine  
  97  6:53  Marine x2  
  101  6:55  Marine  
  101  6:56  Marine, SCV x2  
  101  7:00  Supply Depot  
  105  7:03  SCV  
  106  7:10  Marine x3  
  106  7:11  Marine  
  106  7:13  Medivac  
  112  7:16  Marine  
  112  7:17  Marine  
  112  7:21  Orbital Command  
  114  7:27  Missile Turret, Marine  
  115  7:36  Marine x3  
  115  7:37  Marine x3  
  118  7:39  SCV  
  118  7:44  Supply Depot  
  122  7:49  Liberator  
  122  8:01  Marine  
  122  8:02  Marine x5  
  122  8:03  Marine x3  
  134  8:13  SCV x3  
  134  8:19  Marine x2  
  138  8:20  Marine  
  138  8:25  SCV  
  141  8:31  Supply Depot  
  141  8:34  Supply Depot  
  141  8:38  Marine  
  141  8:40  Marine  
  141  8:41  Marine  
  141  8:44  Marine x2  
  141  8:45  Marine x2  
  141  8:46  Marine  
  140  8:48  Marine  
  140  8:52  Medivac x2  
  145  8:56  Marine  
  145  8:58  Marine  
  145  8:59  Marine  
  145  9:02  Marine x2  
  148  9:03  Marine x2  
  148  9:05  Marine  
  148  9:06  Marine  
  149  9:14  Supply Depot  
  150  9:17  Supply Depot  
Tags
 
Add a new tag
Caveats
  • Supply blocks, unpowered buildings, or Contaminate may cause inaccurate times.
  • Supply counts are checked every 10 seconds.